 Dungeon Crawl Stone Soup version 0.25-a0-251-g572059c536 (webtiles) character file.

Game seed: 13506375072453287334, levelgen mode: deterministic

107605 floatRand the Hand of Fortune (level 16, -2/109 HPs)
             Began as a Demonspawn Gladiator on Dec 4, 2019.
             Was the Champion of Nemelex Xobeh.
             Killed by a card of wild magic (19 damage)
             ... on level 3 of the Swamp.
             The game lasted 00:55:15 (30037 turns).

floatRand the Hand of Fortune (DsGl)               Turns: 30037, Time: 00:55:18

Health: -2/109     AC: 15    Str: 18    XL:     16   Next: 0%
Magic:  38/38      EV: 16    Int: 11    God:    Nemelex Xobeh [******]
Gold:   1532       SH: 20    Dex: 19    Spells: 15/15 levels left

rFire    . . .     SeeInvis +   Z - +9 war axe (elec)
rCold    + . .     Gourm    .   t - +1 shield
rNeg     + . .     Faith    +   T - +1 leather armour "Raudakle" {rC+ rN+ Dex+2} (curse)
rPois    .         Spirit   .   (helmet unavailable)
rElec    .         Reflect  .   X - +2 cloak of the Thief {+Fog Slay-2 SInv Stlth+}
rCorr    .         Harm     .   W - +2 pair of gloves of Pashrud {-Cast Regen+ Int+2 SInv}
MR       ++...     NoCast   +   (no boots)
Stlth    ++++++....             b - amulet of faith
HPRegen  0.68/turn              k - +5 ring of protection
MPRegen  0.26/turn              p - ring "Uruasual" {MP+9 Dex-2 Slay+5}

@: no status effects
A: horns 3, talons 1, large bone plates 2, demonic guardian 3, magic resistance
1, powered by death 2
a: Draw Escape, Draw Destruction, Draw Summoning, Triple Draw, Deal Four, Stack
Five, Renounce Religion, Evoke Fog


You were on level 3 of the Swamp.
You worshipped Nemelex Xobeh.
Nemelex Xobeh was exalted by your worship.
You were not hungry.

You visited 5 branches of the dungeon, and saw 27 of its levels.
You also visited: Gauntlet and Ice Cave.

You collected 2653 gold pieces.
You spent 1121 gold pieces at shops.

Inventory:

Hand Weapons
 y - the +10 hunting sling of the Boar {freeze, rN++ Str+4 Int-2}
   (You found it on level 5 of the Dungeon)

   It causes projectiles fired from it to freeze those they strike, causing
   extra injury to most foes and up to half again as much damage against
   particularly susceptible opponents.
   They can also slow down cold-blooded creatures.
   It affects your strength (+4).
   It affects your intelligence (-2).
   It greatly protects you from negative energy.
 S - the +5 war axe "Orb Guardian's Foe" {antimagic, rN+}
   (You found it on level 1 of the Lair of Beasts)

   It reduces the magical energy of the wielder, and disrupts the spells and
   magical abilities of those hit.
   Natural abilities and divine invocations are not affected.
   It protects you from negative energy.
 Z - a +9 war axe of electrocution (weapon)
Missiles
 d - 3 throwing nets (quivered)
 r - 56 sling bullets
Armour
 t - a +1 shield (worn)
 A - a +2 hat of see invisible
 J - the +3 pair of gloves "Doahef" {Stlth+}
   (You found it on level 3 of the Swamp)

   It makes you more stealthy.
 T - the cursed +1 leather armour "Raudakle" (worn) {rC+ rN+ Dex+2}
   (You found it on level 1 of the Lair of Beasts)

   It affects your dexterity (+2).
   It protects you from cold.
   It protects you from negative energy.
   It has a curse placed upon it.
 W - the +2 pair of gloves of Pashrud (worn) {-Cast Regen+ Int+2 SInv}
   (You found it in a Gauntlet)

   It affects your intelligence (+2).
   It lets you see invisible.
   It prevents spellcasting.
   It increases your rate of regeneration.
 X - the +2 cloak of the Thief (worn) {+Fog Slay-2 SInv Stlth+}
   (You found it in a Gauntlet)

   It affects your accuracy and damage with ranged weapons and melee attacks
   (-2).
   It lets you see invisible.
   It makes you more stealthy.
Jewellery
 a - an uncursed ring of protection from magic
 b - an amulet of faith (around neck)
 i - an uncursed ring of protection from fire
 k - a +5 ring of protection (left hand)
 m - a +5 ring of dexterity {unknown}
 p - the ring "Uruasual" (right hand) {MP+9 Dex-2 Slay+5}
   (You acquired it on level 6 of the Lair of Beasts)

   [ring of magical power]

   It affects your dexterity (-2).
   It affects your accuracy and damage with ranged weapons and melee attacks
   (+5).
   It affects your magic capacity (+9).
 R - an uncursed ring of protection from fire
 Y - the ring "Kaduot" {+Blink rPois rF- rN+ MR+++}
   (You took it off a minotaur in a Gauntlet)

   [ring of positive energy]

   It makes you vulnerable to fire.
   It protects you from poison.
   It protects you from negative energy.
   It affects your resistance to hostile enchantments.
   It lets you blink.
Wands
 c - a wand of enslavement (10)
 j - a wand of scattershot (5)
 l - a wand of disintegration (32)
 s - a wand of paralysis (17)
 v - a wand of flame (74)
 Q - a wand of iceblast (34)
Scrolls
 e - a scroll of blinking
 g - 2 scrolls of fear
 n - 11 scrolls of remove curse
 o - 4 scrolls of amnesia
 u - 11 scrolls of teleportation
 F - 4 scrolls of fog
 H - 3 scrolls of enchant weapon
 K - a scroll of magic mapping
 L - 2 scrolls of identify
 M - 3 scrolls of enchant armour
Potions
 h - 8 potions of might
 w - a potion of invisibility
 x - 3 potions of resistance
 z - 7 potions of heal wounds
 B - 6 potions of flight
 C - a potion of cancellation
 D - 5 potions of curing
 E - 4 potions of agility
 G - a potion of magic
 I - 3 potions of brilliance
 P - 5 potions of haste
 V - 3 potions of berserk rage
Comestibles
 f - 42 rations


   Skills:
 - Level 5.3 Fighting
 * Level 8.2(10.2) Axes
   Level 9.5(10.8) Maces & Flails
 - Level 9.1(9.2) Slings
 - Level 1.7(6.0) Throwing
 - Level 1.4 Armour
 + Level 6.7 Dodging
 - Level 10.2 Stealth
 + Level 11.5 Shields
 * Level 19.4 Invocations


You had 15 spell levels left.
You didn't know any spells.
Your spell library contained the following spells:

 Spells                   Type           Power        Failure   Level  Hunger
 Animate Skeleton         Necr           N/A          54%         1    ##.....
 Beastly Appendage        Tmut           #.....       54%         1    ##.....
 Infusion                 Chrm           #...         54%         1    ##.....
 Magic Dart               Conj           #...         54%         1    ##.....
 Pain                     Necr           #...         54%         1    ##.....
 Sandblast                Erth           #.....       54%         1    ##.....
 Blink                    Tloc           N/A          69%         2    ###....
 Call Imp                 Summ           #.......     69%         2    ###....
 Passwall                 Tmut/Erth      #.......     69%         2    ###....
 Searing Ray              Conj           #.....       69%         2    ###....
 Shroud of Golubria       Chrm/Tloc      #.....       69%         2    ###....
 Slow                     Hex            #.......     69%         2    ###....
 Song of Slaying          Chrm           #.......     69%         2    ###....
 Sticks to Snakes         Tmut           #.......     69%         2    ###....
 Swiftness                Chrm/Air       #.......     69%         2    ###....
 Conjure Flame            Conj/Fire      #.......     89%         3    ####...
 Dazzling Flash           Conj/Hex       #.....       89%         3    ####...
 Mephitic Cloud           Conj/Pois/Air  #.......     89%         3    ####...
 Recall                   Summ/Tloc      N/A          89%         3    ####...
 Regeneration             Chrm/Necr      #.........   89%         3    ####...
 Spectral Weapon          Hex/Chrm       #.......     89%         3    ####...
 Spider Form              Tmut/Pois      #.........   89%         3    ####...
 Stone Arrow              Conj/Erth      #.....       89%         3    ####...
 Vampiric Draining        Necr           #.........   89%         3    ####...
 Animate Dead             Necr           N/A          100%        4    #####..
 Fulminant Prism          Conj/Hex       #.........   100%        4    #####..
 Ice Form                 Ice/Tmut       #.......     100%        4    #####..
 Iskenderun's Mystic Bla  Conj/Tloc      #.......     100%        4    #####..
 Passage of Golubria      Tloc           N/A          100%        4    #####..
 Petrify                  Tmut/Erth      #.......     100%        4    #####..
 Blade Hands              Tmut           #.........   100%        5    ######.
 Borgnjor's Vile Clutch   Necr/Erth      #.........   100%        5    ######.
 Lee's Rapid Deconstruct  Erth           #.........   100%        5    ######.
 Darkness                 Hex            #.........   100%        6    #######
 Death Channel            Necr           #.........   100%        6    #######
 Invisibility             Hex            #.......     100%        6    #######
 Simulacrum               Ice/Necr       #.........   100%        6    #######


Dungeon Overview and Level Annotations

Branches:
Dungeon (15/15)            Temple (1/1) D:7            Lair (6/6) D:8
  Swamp (3/4) Lair:2       Spider (0/4) Lair:3        Slime (0/5) Lair:6
    Orc (2/2) D:11            Elf (0/3) Orc:2        Vaults (0/5) D:14
 Depths (0/5) D:15          IceCv (visited)         Gauntlet (visited)

Altars:
Ashenzari
Fedhas
Makhleb
Nemelex Xobeh
Ru
Uskayaw
Wu Jian
Zin

Shops:
D:8 !   D:10 *   D:11 !   Orc:2 }?*}

Annotations:
Lair:1 exclusion: oklob plant
Lair:4 3 runed translucent doors, DEFE's ghost, journeyman DsWn


Innate Abilities, Weirdness & Mutations

You have a pair of large horns on your head.
You are mostly covered in large bone plates. (SH +6)
A powerful demonic guardian rushes to your aid.
You regenerate health from kills.
You have sharp toenails.
You are resistant to hostile enchantments. (MR+)


Message History

Things that are here:
a +2 quarterstaff of speed; 3 chunks of flesh the storm dragon skeleton of Bai Suzhen You draw a card...
You have drawn Vitriol.
Press: ? - help, Shift-Dir - straight line, f - spriggan druid
Aim: a spriggan druid, wielding a +0 quarterstaff, wearing a +0 robe and wearing a cursed ring of attention The bolt of acid misses the spriggan druid.
The bolt of acid hits the swamp worm!!!
The swamp worm is splashed with acid.
The acid corrodes the swamp worm!
You kill the swamp worm!
The spriggan druid hits you but does no damage.
Unknown command.
You draw a card...
You have drawn Wild Magic.
There is a sudden explosion of magical energy!
The explosion engulfs the spriggan druid!!
The spriggan druid is severely wounded.
The explosion engulfs you!!
You die...
Your body glows with a rainbow of weird colours and disappears.

♣.≈≈.. ♣.≈≈.♣ ♣♣≈≈≈≈♣
♣♣.≈≈≈.♣ ♣≈.♣≈.. ♣♣.≈.≈≈.♣
...≈≈.♣ ♣♣♣..≈.≈≈.♣ ♣≈≈≈≈.
♣♣≈≈≈...≈2.♣ ♣..≈.♣
♣♣≈≈≈≈≈≈@≈≈.♣ ♣♣.≈♣.♣
♣.≈≈≈.†..i.≈♣ ♣♣≈≈≈≈.♣
♣≈≈.♣≈♣♣♣♣♣.§♣♣♣♣♣.≈≈≈≈.♣♣
. .< ♣..ww≈.♣....≈≈≈♣ ...
♣♣.≈≈≈§.≈≈≈≈≈≈≈♣ .≈.
♣....≈≈.≈≈≈≈≈.♣ ≈≈
♣.≈≈.i≈...≈≈≈.. .
♣.≈≈.....≈.≈...
♣≈≈♣≈≈≈♣≈≈...≈.


You could see a spriggan druid, 2 swamp worms, a spriggan (wandering) and a
friendly cacodemon.

Vanquished Creatures
  Bai Suzhen (Swamp:3)
  A fire giant (D:13)
  Louise (D:14)
  A cacodemon (Gauntlet)
  A reaper (Gauntlet)
  A minotaur (Gauntlet)
  A spark wasp (D:15)
  An ogre mage (D:15)
  A rakshasa (D:15)
  An ice dragon (D:15)
  Erica (D:10)
  3 hydras
  A shambling mangrove (Swamp:2)
  A centaur warrior (D:15)
  The ghost of Borgoz the Protected, a journeyman GrFi of Ashenzari (D:11)
  4 alligators
  A tengu warrior (D:12)
  2 death yaks (Lair:6)
  13 two-headed ogres
  5 spriggans (Lair:6)
  8 skeletal warriors
  3 unseen horrors (D:13)
  A lindwurm (D:12)
  A wolf spider zombie (D:15)
  An orc knight (Orc:2)
  2 ugly things
  3 orc sorcerers
  4 cyclopes
  A moth of wrath (Gauntlet)
  3 manticores
  6 elephants (Lair:6)
  Maurice (D:11)
  3 black mambas
  2 centaur zombies
  2 ice statues (IceCv)
  4 spiny frogs
  3 rime drakes
  6 komodo dragons
  A kobold demonologist (D:15)
  7 ice devils (IceCv)
  A troll (shapeshifter) (D:14)
  7 trolls
  3 tyrant leeches
  A meliai (D:12)
  3 jumping spiders (Lair:3)
  3 hornets
  5 polar bears
  13 blink frogs
  14 slime creatures
  2 bog bodies (Swamp:1)
  2 dream sheep (Lair:6)
  13 hippogriffs
  2 redbacks (Lair:3)
  2 shadows
  2 vampires (D:12)
  11 wyverns
  A human (D:8)
  23 yaks
  2 basilisks
  8 hogs
  A neqoxec (Gauntlet)
  8 vampire mosquitoes
  8 swamp worms
  A warg (shapeshifter) (D:13)
  4 insubstantial wisps (Swamp:3)
  An acid dragon (D:15)
  7 water moccasins
  A warg (Orc:1)
  3 hell hounds (D:15)
  6 porcupines
  11 orc warriors
  An eye of draining (shapeshifter) (D:14)
  A hornet zombie (D:13)
  4 black bears
  A necrophage (D:6)
  3 boggarts (Lair:6)
  5 ice beasts
  25 ogres
  41 wolves
  11 crocodiles
  9 centaurs
  5 big kobolds
  15 bullfrogs
  A wyvern zombie (D:12)
  5 scorpions
  Dowan (D:5)
  26 killer bees
  10 wights
  A howler monkey (D:5)
  An electric eel (D:10)
  3 crimson imps
  2 bullfrog zombies
  3 centaur skeletons
  7 jellies
  8 orc priests
  5 bullfrog skeletons
  6 hounds
  23 orc wizards
  10 worker ants
  3 iguanas
  A hell rat (D:15)
  A bullfrog simulacrum (D:10)
  A hound zombie (D:10)
  A killer bee simulacrum (D:10)
  4 worker ant zombies
  13 adders
  A hound simulacrum (D:10)
  3 shadow imps
  20 white imps
  2 worker ant simulacra (D:10)
  6 ufetubi (IceCv)
  3 oozes
  An adder zombie (D:5)
  An adder skeleton (D:5)
  A worm (D:4)
  2 dart slugs (D:1)
  An adder simulacrum (D:10)
  4 leopard geckos
  67 orcs
  5 giant cockroaches
  8 goblins
  12 hobgoblins
  10 jackals
  4 quokkas
  9 bats
  6 frilled lizards
  26 kobolds
  A leopard gecko skeleton (D:4)
  A leopard gecko zombie (D:5)
  5 rats
  3 fungi (Lair:6)
  A plant (Lair:6)
733 creatures vanquished.

Vanquished Creatures (collateral kills)
  4 ogre magi (Orc:2)
  An ice dragon (D:15)
  4 hydras
  A ghost crab (Swamp:3)
  7 two-headed ogres
  An alligator (Swamp:2)
  4 death yaks (Lair:6)
  Sonja (D:13)
  A fire crab (Lair:4)
  A skeletal warrior (D:14)
  An unseen horror (D:13)
  Pikel (D:5)
  An ugly thing (D:13)
  4 elephants (Lair:6)
  2 spiny frogs (Lair:6)
  A komodo dragon (Lair:2)
  An ice devil (IceCv)
  A hellwing (Gauntlet)
  A jumping spider (Lair:3)
  A tyrant leech (Swamp:2)
  3 polar bears
  A hornet (Lair:6)
  3 blink frogs
  2 slime creatures
  5 spriggans (Lair:6)
  2 tarantellas (D:12)
  2 yaks
  Eustachio (D:6)
  2 basilisks
  2 neqoxecs (Gauntlet)
  Edmund (D:6)
  Duvessa (D:5)
  A soldier ant (D:12)
  3 water moccasins
  2 slaves (D:5)
  A black bear (Lair:6)
  A phantom (D:4)
  8 ogres
  2 centaurs (D:7)
  2 worker ants
  A white imp (IceCv)
  A howler monkey simulacrum (D:10)
  An orc (D:13)
87 creatures vanquished.

Vanquished Creatures (others)
  A reaper (IceCv)
  An elephant (Lair:6)
  A spriggan (Lair:6)
  A yak (Lair:6)
  A boggart (Lair:6)
  A killer bee (D:10)
  2 white imps (IceCv)
  4 ufetubi (IceCv)
  2 ball lightnings (Lair:6)
  15 fungi
  35 plants
  11 toadstools (Lair:1)
75 creatures vanquished.

Grand Total: 895 creatures vanquished

Notes
Turn   | Place    | Note
-------+----------+-------------------------------------------
     0 | D:1      | floatRand the Demonspawn Gladiator began the quest for the
                  | Orb.
     0 | D:1      | Reached XP level 1. HP: 16/16 MP: 1/1
   281 | D:1      | Gained mutation: You have a pair of small horns on your
                  | head. [demonic ancestry]
   281 | D:1      | Reached XP level 2. HP: 16/22 MP: 2/2
   612 | D:1      | Gained mutation: You have a pair of horns on your head.
                  | [demonic ancestry]
   612 | D:1      | Reached XP level 3. HP: 27/27 MP: 3/3
  1013 | D:2      | Reached XP level 4. HP: 27/33 MP: 4/4
  1162 | D:2      | Reached skill level 5 in Maces & Flails
  1790 | D:3      | Noticed an ice beast
  1802 | D:3      | Gained mutation: A weak demonic guardian rushes to your
                  | aid. [demonic ancestry]
  1802 | D:3      | Reached XP level 5. HP: 38/38 MP: 5/5
  1806 | D:3      | Killed an ice beast
  2061 | D:3      | Reached XP level 6. HP: 34/44 MP: 6/6
  2156 | D:3      | Found a faded altar of an unknown god.
  2190 | D:3      | Found a glowing silver altar of Zin.
  2994 | D:4      | Reached skill level 1 in Shields
  3835 | D:5      | Entered Level 5 of the Dungeon
  3983 | D:5      | Noticed Dowan
  4096 | D:5      | Gained mutation: A demonic guardian rushes to your aid.
                  | [demonic ancestry]
  4096 | D:5      | Reached XP level 7. HP: 27/50 MP: 7/7
  4286 | D:5      | Found a hide-covered altar of Uskayaw.
  4340 | D:5      | Noticed Pikel
  4368 | D:5      | Found an ornate altar of the Wu Jian Council.
  4409 | D:5      | Got a transparent hunting sling
  4411 | D:5      | Identified the +10 hunting sling of the Boar {freeze, rN++
                  | Str+4 Int-2} (You found it on level 5 of the Dungeon)
  4879 | D:5      | Killed Dowan
  4933 | D:5      | Noticed Duvessa
  4941 | D:5      | Killed Duvessa
  5165 | D:5      | Killed Pikel
  5165 | D:5      | Reached skill level 1 in Slings
  5165 | D:5      | Gained mutation: You regenerate a little health from kills.
                  | [demonic ancestry]
  5165 | D:5      | Reached XP level 8. HP: 44/56 MP: 8/8
  5479 | D:6      | Noticed Edmund
  5488 | D:6      | Killed Edmund
  5505 | D:6      | Reached skill level 5 in Dodging
  5814 | D:6      | Noticed Eustachio
  5816 | D:6      | Killed Eustachio
  6040 | D:6      | Found a sacrificial altar of Ru.
  6254 | D:7      | Found a staircase to the Ecumenical Temple.
  6528 | Temple   | Entered the Ecumenical Temple
  6567 | Temple   | Became a worshipper of Nemelex Xobeh the Trickster
  6696 | D:7      | Reached skill level 1 in Invocations
  6763 | D:7      | Gained mutation: You regenerate health from kills. [demonic
                  | ancestry]
  6763 | D:7      | Reached XP level 9. HP: 24/59 MP: 8/10
  7048 | D:7      | Reached skill level 2 in Invocations
  7173 | D:7      | Reached skill level 5 in Shields
  7173 | D:7      | Reached skill level 3 in Invocations
  7176 | D:7      | Received a gift from Nemelex Xobeh
  7562 | D:8      | Reached * piety under Nemelex Xobeh
  7562 | D:8      | Received a gift from Nemelex Xobeh
  7644 | D:8      | Reached skill level 4 in Invocations
  7668 | D:8      | Reached skill level 5 in Invocations
  7832 | D:8      | Received a gift from Nemelex Xobeh
  7900 | D:8      | Reached skill level 6 in Invocations
  7979 | D:8      | Found Baxt's Distillery.
  8193 | D:8      | Bought a potion of heal wounds for 80 gold pieces
  8193 | D:8      | Bought 2 potions of curing for 96 gold pieces
  8193 | D:8      | Bought a potion of might for 64 gold pieces
  8304 | D:8      | Found a staircase to the Lair.
  8618 | D:8      | Reached ** piety under Nemelex Xobeh
  8748 | D:8      | Got a warped robe
  8749 | D:8      | Identified the cursed +0 robe "Baaczy" {Str-3 Int+4 SInv}
                  | (You found it on level 8 of the Dungeon)
  8913 | D:9      | Received a gift from Nemelex Xobeh
  9003 | D:9      | Reached skill level 7 in Invocations
  9152 | D:9      | Reached XP level 10. HP: 65/65 MP: 15/15
  9390 | D:9      | Reached skill level 1 in Stealth
 10199 | D:10     | Entered Level 10 of the Dungeon
 10341 | D:10     | Noticed a red ugly thing
 10393 | D:10     | Reached skill level 5 in Slings
 10603 | D:10     | Received a gift from Nemelex Xobeh
 10606 | D:10     | Noticed Erica
 10630 | D:10     | Reached skill level 8 in Invocations
 10630 | D:10     | Killed Erica
 10632 | D:10     | Found Ceegaydo's Assorted Antiques.
 11352 | D:10     | Reached skill level 9 in Invocations
 11987 | Lair:1   | Entered Level 1 of the Lair of Beasts
 12332 | Lair:1   | Got a translucent war axe
 12333 | Lair:1   | Identified the +5 war axe "Orb Guardian's Foe" {antimagic,
                  | rN+} (You found it on level 1 of the Lair of Beasts)
 12494 | Lair:1   | Noticed a black mamba
 12496 | Lair:1   | a black mamba changed into a polar bear
 12566 | Lair:1   | Reached *** piety under Nemelex Xobeh
 12663 | Lair:1   | Identified the cursed +1 leather armour "Raudakle" {rC+ rN+
                  | Dex+2} (You found it on level 1 of the Lair of Beasts)
 12699 | Lair:1   | Received a gift from Nemelex Xobeh
 12808 | Lair:1   | Found a blossoming altar of Fedhas.
 12819 | Lair:1   | Noticed an oklob plant
 13181 | Lair:1   | Identified the +1 robe of Vaown {Regen+ Str+2 SInv} (You
                  | found it on level 1 of the Lair of Beasts)
 13217 | Lair:2   | Received a gift from Nemelex Xobeh
 13262 | Lair:2   | Found a staircase to the Swamp.
 13299 | Lair:2   | Gained mutation: You are partially covered in large bone
                  | plates. (SH +4) [demonic ancestry]
 13299 | Lair:2   | Reached XP level 11. HP: 66/70 MP: 18/18
 13370 | Lair:2   | Noticed a four-headed hydra
 13384 | Lair:2   | Killed a four-headed hydra
 13384 | Lair:2   | Reached skill level 10 in Invocations
 13418 | Lair:2   | Reached **** piety under Nemelex Xobeh
 13461 | Lair:2   | Found a frozen archway.
 13495 | IceCv    | Entered an ice cave
 13658 | IceCv    | Killed a reaper
 13701 | IceCv    | Reached skill level 1 in Armour
 14079 | IceCv    | HP: 2/70 [ice beast[an ice statue] (3)]
 15632 | Lair:2   | Received a gift from Nemelex Xobeh
 15687 | Lair:2   | Reached skill level 11 in Invocations
 16184 | Lair:3   | Found a hole to the Spider Nest.
 16485 | Lair:3   | Reached skill level 5 in Stealth
 16558 | Lair:3   | Noticed an eight-headed hydra
 16563 | Lair:3   | Killed an eight-headed hydra
 16567 | Lair:3   | Received a gift from Nemelex Xobeh
 16748 | Lair:3   | Reached skill level 12 in Invocations
 17023 | Lair:4   | Reached XP level 12. HP: 64/78 MP: 21/21
 17074 | Lair:4   | Found a runed translucent gate.
 17074 | Lair:4   | Found a runed translucent gate.
 17107 | Lair:4   | Found a gate leading to a gauntlet.
 17116 | Gauntlet | Entered a Gauntlet
 17116 | Gauntlet | Found a transporter.
 17116 | Gauntlet | Found a transporter.
 17118 | Gauntlet | Identified a scroll of acquirement
 17123 | Gauntlet | Found a transporter.
 17123 | Gauntlet | Found a transporter.
 17138 | Gauntlet | Found a transporter.
 17147 | Gauntlet | Noticed a cacodemon
 17148 | Gauntlet | Found a transporter.
 17148 | Gauntlet | Found a transporter.
 17150 | Gauntlet | Found the +2 cloak of the Thief {+Fog Slay-2 SInv Stlth+}
 17153 | Gauntlet | Received a gift from Nemelex Xobeh
 17179 | Gauntlet | Found a transporter.
 17181 | Gauntlet | Noticed a death yak
 17181 | Gauntlet | Noticed a death yak
 17182 | Gauntlet | Noticed a death yak
 17183 | Gauntlet | Noticed a death yak
 17184 | Gauntlet | Noticed a death yak
 17184 | Gauntlet | Noticed a death yak
 17195 | Gauntlet | Found a transporter.
 17195 | Gauntlet | Noticed a reaper
 17201 | Gauntlet | Found a transporter.
 17229 | Gauntlet | Found a transporter.
 17342 | Gauntlet | Found a transporter.
 17387 | Gauntlet | Got a pair of distressingly furry gloves
 17395 | Gauntlet | Killed a reaper
 17439 | Gauntlet | Found a transporter.
 17441 | Gauntlet | Reached ***** piety under Nemelex Xobeh
 17462 | Gauntlet | Gained mutation: You are frail. (-10% HP) [a neqoxec]
 17484 | Gauntlet | Killed a cacodemon
 17484 | Gauntlet | Reached skill level 13 in Invocations
 17515 | Gauntlet | Got a translucent plate armour
 17544 | Gauntlet | Identified the ring "Kaduot" {+Blink rPois rF- rN+ MR+++}
 17544 | Gauntlet | Noticed a minotaur
 17560 | Gauntlet | Killed a minotaur
 17609 | Gauntlet | Got a silken robe
 17802 | Lair:4   | Found a runed translucent gate.
 17803 | Lair:4   | Noticed DEFE's ghost (journeyman DsWn)
 17822 | Lair:4   | Received a gift from Nemelex Xobeh
 18284 | D:10     | Bought a scroll of identify for 48 gold pieces
 18284 | D:10     | Bought a potion of might for 96 gold pieces
 18284 | D:10     | Identified the +2 pair of gloves of Pashrud {-Cast Regen+
                  | Int+2 SInv} (You found it in a Gauntlet)
 18834 | Lair:4   | Received a gift from Nemelex Xobeh
 19070 | Lair:5   | Reached skill level 14 in Invocations
 19476 | Lair:5   | Received a gift from Nemelex Xobeh
 20027 | Lair:6   | Entered Level 6 of the Lair of Beasts
 20052 | Lair:6   | Found a staircase to the Slime Pits.
 20080 | Lair:6   | Received a gift from Nemelex Xobeh
 20155 | Lair:6   | Reached XP level 13. HP: 74/74 MP: 23/23
 20288 | Lair:6   | Identified the cursed +0 plate armour of the Ecumenical
                  | Temple {rElec rN++ Dex+3} (You found it in a Gauntlet)
 20377 | Lair:6   | Reached skill level 15 in Invocations
 21354 | Lair:6   | Reached ****** piety under Nemelex Xobeh
 21367 | Lair:6   | Identified the ring "Uruasual" {MP+9 Dex-2 Slay+5} (You
                  | acquired it on level 6 of the Lair of Beasts)
 21430 | Lair:6   | Reached skill level 16 in Invocations
 21625 | Lair:6   | Reached skill level 10 in Shields
 21737 | Lair:6   | Received a gift from Nemelex Xobeh
 22755 | D:11     | Found Cigye's Distillery.
 22770 | D:11     | Bought a potion of lignification for 42 gold pieces
 22770 | D:11     | Bought a potion of haste for 140 gold pieces
 22770 | D:11     | Bought a potion of flight for 42 gold pieces
 22836 | D:11     | Noticed Maurice
 22842 | D:11     | Killed Maurice
 23059 | D:11     | Received a gift from Nemelex Xobeh
 23065 | D:11     | Gained mutation: A powerful demonic guardian rushes to your
                  | aid. [demonic ancestry]
 23065 | D:11     | Reached XP level 14. HP: 63/81 MP: 26/26
 23216 | D:11     | Found a transporter.
 23218 | D:11     | Found a transporter.
 23221 | D:11     | Noticed Borgoz's ghost (journeyman GrFi)
 23222 | D:11     | Identified the cursed +2 dire flail of Honesty {flame, rF-
                  | Str+7 Int-5 Dex+4}
 23222 | D:11     | Identified the +8 great mace of Duack {drain, rC+}
 23469 | D:11     | Found a staircase to the Orcish Mines.
 23644 | D:11     | Killed Borgoz's ghost
 23768 | D:11     | Identified the +1 robe "Ilawk" {Int+2} (You found it in a
                  | Gauntlet)
 23811 | D:12     | Reached skill level 1 in Axes
 24028 | D:12     | Received a gift from Nemelex Xobeh
 24161 | D:12     | Reached skill level 17 in Invocations
 24753 | D:12     | Received a gift from Nemelex Xobeh
 24989 | D:13     | Received a gift from Nemelex Xobeh
 24998 | D:13     | Noticed Kirke
 25003 | D:13     | Noticed Kirke
 25003 | D:13     | Kirke changed into Kirke the fire giant
 25007 | D:13     | Killed Kirke the fire giant
 25048 | D:13     | Noticed Sonja
 25053 | D:13     | Killed Sonja
 25207 | D:13     | Lost mutation: You are frail. (-10% HP) [potion of
                  | mutation]
 25207 | D:13     | Gained mutation: You are frail. (-10% HP) [potion of
                  | mutation]
 25207 | D:13     | Gained mutation: Your muscles are strong. (Str +2) [potion
                  | of mutation]
 25208 | D:13     | Lost mutation: Your muscles are strong. (Str +2) [potion of
                  | mutation]
 25208 | D:13     | Lost mutation: You are frail. (-10% HP) [potion of
                  | mutation]
 25208 | D:13     | Gained mutation: You are resistant to hostile enchantments.
                  | (MR+) [potion of mutation]
 25208 | D:13     | Gained mutation: You have sharp toenails. [potion of
                  | mutation]
 25208 | D:13     | Gained mutation: You have a pair of large horns on your
                  | head. [potion of mutation]
 25465 | D:14     | Received a gift from Nemelex Xobeh
 25802 | D:14     | Found a gate to the Vaults.
 25887 | D:14     | Noticed Louise
 25899 | D:14     | Killed Louise
 25899 | D:14     | Reached skill level 5 in Axes
 26325 | D:15     | Entered Level 15 of the Dungeon
 26505 | D:15     | Reached skill level 18 in Invocations
 26550 | D:15     | Reached XP level 15. HP: 102/102 MP: 28/28
 26587 | D:15     | Reached skill level 10 in Stealth
 26616 | D:15     | Reached skill level 5 in Fighting
 26701 | D:15     | Identified the cursed +1 hand axe of the Distant Future
                  | {chop, +Blink rC+} (You found it on level 15 of the
                  | Dungeon)
 27025 | D:15     | Found a staircase to the Depths.
 27167 | D:15     | Found a sparkling altar of Nemelex Xobeh.
 27168 | D:15     | Received a gift from Nemelex Xobeh
 27419 | Orc:1    | Entered Level 1 of the Orcish Mines
 27952 | Orc:1    | Received a gift from Nemelex Xobeh
 27972 | Orc:2    | Entered Level 2 of the Orcish Mines
 27980 | Orc:2    | Found a staircase to the Elven Halls.
 28107 | Orc:2    | Found Wizxod's Assorted Antiques.
 28107 | Orc:2    | Found Ewutituq's Gadget Boutique.
 28118 | Orc:2    | Found Wausojek's Gadget Shop.
 28118 | Orc:2    | Found Xekhokk's Magic Scroll Shoppe.
 28192 | Orc:2    | Bought 3 scrolls of enchant weapon for 405 gold pieces
 28195 | Orc:2    | Bought a scroll of identify for 36 gold pieces
 28195 | Orc:2    | Bought a scroll of identify for 36 gold pieces
 28195 | Orc:2    | Bought a scroll of identify for 36 gold pieces
 28245 | Orc:2    | Received a gift from Nemelex Xobeh
 28378 | Orc:2    | Reached skill level 19 in Invocations
 28838 | Swamp:1  | Entered Level 1 of the Swamp
 28953 | Swamp:1  | Received a gift from Nemelex Xobeh
 29329 | Swamp:1  | Received a gift from Nemelex Xobeh
 29595 | Swamp:2  | You fall into a shaft and drop 1 floor!
 29748 | Swamp:3  | Received a gift from Nemelex Xobeh
 29867 | Swamp:3  | Identified the +3 pair of gloves "Doahef" {Stlth+} (You
                  | found it on level 3 of the Swamp)
 29980 | Swamp:3  | Noticed Bai Suzhen
 29999 | Swamp:3  | Killed Bai Suzhen
 29999 | Swamp:3  | Gained mutation: You are mostly covered in large bone
                  | plates. (SH +6) [demonic ancestry]
 29999 | Swamp:3  | Reached XP level 16. HP: 19/109 MP: 29/29
 30037 | Swamp:3  | Killed by a card of wild magic

Levels and vault maps discovered:
D:1:      mrwooster_arrival_statue_2, layout_loops_ring
D:2:      layout_basic, minmay_misc_feat_columns
D:3:      layout_basic, zin_academy, chequers_ecumenical_altar_island,
          first_ration
D:4:      layout_cave_pods
D:5:      layout_basic, eat_drink_and_be_merry_uskayaw, lemuel_crystal_altar,
          uniq_duvessa, uniq_pikel
D:6:      layout_gridville, kennysheep_mini_moat, uniq_eustachio, uniq_edmund
D:7:      layout_loops_cross, minmay_temple_entry_purple_smoke, grunt_decor_cap
D:8:      layout_gridville, lair_entry_dummy, serial_shops, kennysheep_mini,
          grunt_livestock, kennysheep_generic_room_2
D:9:      kennysheep_blocky_hall, layout_basic, serial_corexii_hall,
          chequers_hall_statues_corner_a, chequers_hall_statues_wall_a
D:10:     layout_roguey, serial_ice, serial_ice_h, serial_ice_e, serial_ice_d,
          serial_ice_i, serial_ice_m, serial_ice_b, serial_ice_g, serial_shops,
          nicolae_shop_overgrown_old_shop, uniq_erica
D:11:     layout_loops_ring, orc_0_dummy, serial_shops, nicolae_shop_trees,
          gammafunk_ghost_smash, uniq_maurice
D:12:     layout_gridville, chequers_serial_rivers_room_b,
          minmay_misc_feat_five, minmay_misc_feat_x
D:13:     layout_rooms, uniq_kirke, uniq_sonja
D:14:     layout_basic, david_vaults_4, uniq_louise
D:15:     grunt_enter_depths_hoard, layout_loops_ring, special_room
          [special_room_mythical_zoo], drop_trap,
          nemelex_xobeh_ov_fountains_minmay
Temple:   dpeg_five_rooms_temple
Lair:1:   layout_chaotic_city, tgw_fedhas, grunt_megastairs_5
Lair:2:   layout_gridlike, swamp_mist, portal_ice_cave_entry_imps,
          lemuel_fruit_tree
Lair:3:   layout_hall_layers, nicolae_spider_entry_tight_spaces,
          eino_small_chamber_without_monster
Lair:4:   layout_long_grid, ebering_ghost_rock_garden, gauntlet_entry_generic,
          grunt_megastairs_1
Lair:5:   layout_cave_pods, chequers_serial_rivers_large_b
Lair:6:   minmay_lair_end_enchanted_forest, layout_gridlike,
          minmay_slime_entry_pillars, enter_volcano_2
Swamp:1:  layout_falls_marsh, hangedman_swamp_pad
Swamp:2:  layout_basic_swamp, lemuel_altar_in_water, swamp_pool3,
          infiniplex_staircase_pool
Swamp:3:  layout_falls_marsh, evilmike_swamp_ruin_house_1, uniq_mara,
          uniq_bai_suzhen
Orc:1:    layout_caves
Orc:2:    st_orc_ogre_mass, layout_diamond_mine

Skill      XL: |  1  2  3  4  5  6  7  8  9 10 11 12 13 14 15 |
---------------+----------------------------------------------+-----
Maces & Flails | 3 4 5 6 7 8 9 |  9.5
Dodging        | 3 4 5 6 |  6.7
Shields        | 2 3 4 5 6 7 9 10 11 | 11.5
Slings         | 1 3 4 5 7 8 9 |  9.1
Invocations    | 1 7 9 12 14 16 18 19 | 19.4
Stealth        | 3 5 7 8 9 10 | 10.2
Armour         | 1 |  1.4
Axes           | 5 8 |  8.2
Fighting       | 4 5 |  5.3
Throwing       | |  1.7

Action                   |  1- 3 |  4- 6 |  7- 9 | 10-12 | 13-15 | 16-18 || total
-------------------------+-------+-------+-------+-------+-------+-------++-------
Melee: Flail             |    73 |       |       |       |       |       ||    73
       Headbutt          |    12 |    37 |    86 |    79 |   166 |       ||   380
       Mace              |    20 |   206 |   318 |   343 |       |       ||   887
       War axe           |       |       |       |     6 |   634 |       ||   640
       Kick              |       |       |       |       |   152 |       ||   152
 Fire: Hunting sling     |       |       |       |   514 |   488 |       ||  1002
 Abil: Draw Destruction  |       |       |     1 |    18 |    32 |     1 ||    52
       Draw Summoning    |       |       |       |     3 |     3 |       ||     6
Evoke: Wand              |       |       |       |     3 |       |       ||     3
  Use: Potion            |     4 |     1 |     1 |     3 |     3 |       ||    12
       Scroll            |     1 |     7 |    14 |    10 |    21 |       ||    53
 Stab: Sleeping          |     1 |       |     1 |     2 |    25 |       ||    29
       Confused          |       |       |       |     2 |     1 |       ||     3
       Distracted        |       |       |       |     3 |    12 |       ||    15
       Petrified         |       |       |       |     1 |       |       ||     1
  Eat: Chunk             |       |     9 |    14 |    10 |    22 |       ||    55
       Ration            |       |       |     1 |     7 |     3 |       ||    11
Armor: Leather armour    |    31 |    96 |    53 |   120 |   169 |     1 ||   470
Dodge: Dodged            |    65 |   156 |   142 |   271 |   335 |       ||   969
Block: Shield            |       |    83 |   176 |   460 |   765 |       ||  1484

Table legend:
 A = Non-vault XP
 B = Vault XP
 C = Vault XP percentage of total XP
 D = Non-vault monster count
 E = Vault monster count
 F = Vault count percentage of total count
                 A         B        C        D         E       F
            +---------+---------+-------+---------+---------+-------
      Total |   95586 |   58136 |  37.8 |     611 |     208 |  25.4
            +---------+---------+-------+---------+---------+-------
        D:1 |      58 |       0 |   0.0 |      27 |       0 |   0.0
        D:2 |     131 |       0 |   0.0 |      20 |       0 |   0.0
        D:3 |     272 |       0 |   0.0 |      39 |       0 |   0.0
        D:4 |     215 |       0 |   0.0 |      13 |       0 |   0.0
        D:5 |     377 |     584 |  60.8 |      17 |       3 |  15.0
        D:6 |     650 |     189 |  22.5 |      13 |       2 |  13.3
        D:7 |     947 |       0 |   0.0 |      11 |       0 |   0.0
        D:8 |     675 |    1067 |  61.3 |      16 |       6 |  27.3
        D:9 |     720 |      90 |  11.1 |      12 |       3 |  20.0
       D:10 |    3035 |    2165 |  41.6 |      49 |      18 |  26.9
       D:11 |    2601 |    2363 |  47.6 |      28 |       6 |  17.6
       D:12 |   12115 |       0 |   0.0 |      67 |       0 |   0.0
       D:13 |    9154 |    2949 |  24.4 |      42 |       6 |  12.5
       D:14 |    5555 |    2532 |  31.3 |      24 |       3 |  11.1
       D:15 |    9396 |    7325 |  43.8 |      29 |      22 |  43.1
     Lair:1 |     646 |     205 |  24.1 |       5 |       1 |  16.7
     Lair:2 |    2532 |     121 |   4.6 |      10 |      12 |  54.5
     Lair:3 |    3385 |    1541 |  31.3 |      21 |       6 |  22.2
     Lair:4 |    4118 |     472 |  10.3 |      19 |       2 |   9.5
     Lair:5 |    1617 |       0 |   0.0 |       8 |       0 |   0.0
     Lair:6 |   19447 |    8247 |  29.8 |      61 |      46 |  43.0
    Swamp:1 |    3054 |       0 |   0.0 |      10 |       0 |   0.0
    Swamp:2 |    4869 |       0 |   0.0 |      11 |       0 |   0.0
    Swamp:3 |    4112 |    4402 |  51.7 |      11 |       1 |   8.3
      Orc:1 |    3128 |       0 |   0.0 |      27 |       0 |   0.0
      Orc:2 |    2777 |   15267 |  84.6 |      21 |      36 |  63.2
      IceCv |       0 |    3441 | 100.0 |       0 |      23 | 100.0
   Gauntlet |       0 |    5176 | 100.0 |       0 |      12 | 100.0
            +---------+---------+-------+---------+---------+-------
